 Dungeon Crawl Stone Soup version 0.32-a0-38-gb04dd89b9b (webtiles) character file.

Game seed: 15958798465441896381

1171 Newt the Spear-Bearer (level 8, 0/68 HPs)
             Began as a Merfolk Gladiator on Jan 23, 2024.
             Succumbed to a water moccasin's poison
             ... on level 5 of the Dungeon.
             The game lasted 00:04:52 (5031 turns).

Newt the Spear-Bearer (Merfolk Gladiator)           Turns: 5031, Time: 00:04:52

Health: 0/68       AC:  9    Str: 15 (17) XL:     8   Next: 41%
Magic:  8/8        EV: 14    Int:  4 (7)  God:
Gold:   226        SH:  0    Dex: 14 (15) Spells: 7/7 levels left

rFire   . . .        r - +2 spear (venom)
rCold   . . .        (no shield)
rNeg    . . .        v - +3 leather armour
rPois   .            c - +0 helmet
rElec   .            (no cloak)
rCorr   .            g - +1 pair of gloves
SInv    .            (no boots)
Will    +....        (no amulet)
Stlth   +            s - ring of flight
HPRegen 0.31/turn    (no ring)
MPRegen 0.11/turn

%: no passive effects
@: lethally poisoned (0 -> -4), enlightened, flying, hasted, invisible, very
quick
A: (nimble swimmer 2), mertail
a: no special abilities


You were on level 5 of the Dungeon.
You visited 1 branch of the dungeon, and saw 5 of its levels.

You collected 226 gold pieces.

Inventory:

Hand Weapons
 a - a +0 trident
 l - a +2 scythe of flaming
 r - a +2 spear of venom (weapon)
Missiles
 e - a javelin
 o - a throwing net (quivered)
Armour
 b - a +0 leather armour
 c - a +0 helmet (worn)
 g - a +1 pair of gloves (worn)
 v - a +3 leather armour (worn)
Jewellery
 s - a ring of flight (left hand)
Wands
 d - a wand of iceblast (13)
 k - a wand of flame (17)
Scrolls
 f - a scroll of identify
 h - a scroll of silence
 i - 5 scrolls of teleportation
 n - 2 scrolls of revelation
 t - a scroll of fear
Potions
 m - a potion of magic


   Skills:
 + Level 7.7 Fighting
 - Level 9.0 Polearms
 - Level 2.0 Throwing
 - Level 6.0 Dodging


You had 7 spell levels left.
You didn't know any spells.
Your spell library contained the following spells:

 Spells                   Type           Power      Damage    Failure   Level
 Fugue of the Fallen      Necr           0%         N/A       91%         3
 Ozocubu's Armour         Ice            0%         N/A       91%         3
 Manifold Assault         Tloc           0%         N/A       100%        4


Dungeon Overview and Level Annotations

Branches:
Dungeon (5/15)
 Temple: D:4-7

Altars:
Fedhas
Ru

Shops:
D:5 *


Innate Abilities, Weirdness & Mutations

((You are very nimble when in or above water. (Stealth+, EV+, Speed+++)))
Your lower body shifts to a powerful aquatic tail in water.


Message History

The water moccasin bites you.
* * * LOW HITPOINT WARNING * * *
You hit the water moccasin.
The water moccasin is almost dead.
* * * LOW HITPOINT WARNING * * *
You feel very sick.
You kill the water moccasin!
Unknown command.
It was a potion of haste.
You feel yourself speed up.
* * * LOW HITPOINT WARNING * * *
You feel very sick.
The water moccasin bites you but does no damage.
The water moccasin misses you.
It was a potion of enlightenment.
You feel more buoyant.
* * * LOW HITPOINT WARNING * * *
You feel sick.
The water moccasin completely misses you.
It was a potion of degeneration.
There was something very wrong with that liquid.
You feel weakened.
You feel dopey.
You feel clumsy.
* * * LOW HITPOINT WARNING * * *
You feel sick. The water moccasin closely misses you.
It was a potion of invisibility.
You fade into invisibility!
* * * LOW HITPOINT WARNING * * *
You feel sick. The water moccasin closely misses you.
Unknown command.
You closely miss the water moccasin.
* * * LOW HITPOINT WARNING * * *
You feel sick.
You catch the helpless water moccasin completely off-guard!
You puncture the water moccasin! Your punch misses the water moccasin.
The water moccasin is moderately wounded.
* * * LOW HITPOINT WARNING * * *
You feel sick.
The water moccasin completely misses you.
You closely miss the water moccasin.
The water moccasin is moderately wounded.
You die...

#.# ... #.# #.#
#.# #.# ###.####
#.# #.....)# #.##
#.#.##.# #..#
#.#.##.#####..#
#.#....†......####
#@####.#####......
#S####.# ##.#####
...#...# #...#
#.∩.##### #...#
#...# #...# ##+##
#...# .... #...#
..... #...####
...#.#####.......


You could see a water moccasin (unable to see you).

Vanquished Creatures
  Grinder (D:3)
  Sigmund (D:2)
  3 water moccasins (D:5)
  A scorpion (D:5)
  3 wights (D:5)
  A hound (D:5)
  2 orc priests
  2 bombardier beetles
  An iguana (D:4)
  A gnoll (D:1)
  6 adders
  A dart slug (D:5)
  A ribbon worm (D:2)
  10 orcs
  8 ball pythons
  4 endoplasms
  3 giant cockroaches
  4 goblins
  2 hobgoblins
  5 jackals
  A quokka (D:2)
  7 bats
  4 frilled lizards
  8 kobolds
  3 rats
83 creatures vanquished.

Vanquished Creatures (others)
  Jessica (D:2)
1 creature vanquished.

Grand Total: 84 creatures vanquished

Notes
Turn   | Place    | Note
-------+----------+-------------------------------------------
     0 | D:1      | Newt the Merfolk Gladiator began the quest for the Orb.
     0 | D:1      | Reached XP level 1. HP: 16/16 MP: 1/1
    63 | D:1      | Reached XP level 2. HP: 17/24 MP: 2/2
   345 | D:1      | Reached XP level 3. HP: 30/30 MP: 3/3
  1317 | D:2      | Noticed Sigmund
  1317 | D:2      | Noticed Jessica
  1318 | D:2      | Found a sacrificial altar of Ru.
  1327 | D:2      | Killed Jessica
  1333 | D:2      | Killed Sigmund
  1334 | D:2      | Reached skill level 7 in Polearms
  1334 | D:2      | Reached XP level 4. HP: 4/37 MP: 4/4
  1334 | D:2      | Reached XP level 5. HP: 5/42 MP: 5/5
  2374 | D:3      | Reached XP level 6. HP: 46/48 MP: 6/6
  2392 | D:3      | Noticed Grinder
  2400 | D:3      | Paralysed by Grinder for 5 turns
  2409 | D:3      | Paralysed by Grinder for 4 turns
  2428 | D:3      | Killed Grinder
  2429 | D:3      | Reached skill level 9 in Polearms
  3052 | D:3      | Found a blossoming altar of Fedhas.
  3115 | D:3      | Reached XP level 7. HP: 21/54 MP: 7/7
  3387 | D:3      | Reached skill level 5 in Dodging
  4586 | D:5      | Entered Level 5 of the Dungeon
  4691 | D:5      | Reached skill level 5 in Fighting
  4936 | D:5      | Reached XP level 8. HP: 61/64 MP: 8/8
  4996 | D:5      | Found Pydupluobi's Serpentskin Sales.
  5028 | D:5      | HP: 3/68 [poisoned by a water moccasin]
  5030 | D:5      | HP: 1/68 [poisoned by a water moccasin]
  5031 | D:5      | Succumbed to a water moccasin's poison

Illustrated notes

Levels and vault maps discovered:
D:1:      minmay_arrival_four_loops, layout_basic,
          nicolae_concentric_dashed_squares_wild
D:2:      layout_basic, basic_altar, uniq_sigmund, uniq_jessica
D:3:      layout_loops_ring, fedhas_altar_fruit_tree, uniq_grinder
D:4:      nicolae_cairo_tiling_large, layout_cave_pools,
          chequers_serial_rivers_micro_a
D:5:      layout_loops_cross, guppyfry_shop_venom, uniq_blork_the_orc

Skill      XL: |  1  2  3  4  5  6  7  8 |
---------------+-------------------------+-----
Fighting       | 3 4 6 7 |  7.7
Polearms       | 7 9 |  9.0
Dodging        | 6 |  6.0
Throwing       | |  2.0

Action                     |  1- 3 |  4- 6 |  7- 9 || total
---------------------------+-------+-------+-------++-------
  Melee: Trident           |    85 |       |       ||    85
         Halberd           |       |    14 |    12 ||    26
         Spear             |       |    55 |   115 ||   170
         Punch             |       |     1 |     1 ||     2
  Throw: Throwing net      |     2 |     2 |     1 ||     5
         Javelin           |       |     1 |       ||     1
    Use: Scroll            |     4 |     3 |     6 ||    13
         Potion            |       |       |     6 ||     6
   Stab: Sleeping          |     1 |     2 |     1 ||     4
         Held in net/web   |     1 |     4 |       ||     5
         Invisible         |       |       |     1 ||     1
 Armour: Leather armour    |    32 |    26 |    51 ||   109
  Dodge: Dodged            |    29 |    23 |    58 ||   110

Table legend: (Time is in decaauts)
 A = Elapsed time spent in this place.
 B = Non-inter-level travel time spent in this place.
 C = Inter-level travel time spent in this place.
 D = Time resting spent in this place.
 E = Time spent auto-exploring this place.
 F = Levels seen in this place.
 G = Mean time per level.
                   A        B        C        D        E       F      G
               +--------+--------+--------+--------+--------+-----+--------+
         Total |   4997 |   4898 |     99 |   1577 |   2730 |   5 |  999.4 |
       Dungeon |   4997 |   4898 |     99 |   1577 |   2730 |   5 |  999.4 |
               +--------+--------+--------+--------+--------+-----+--------+

Top non-repeatable levels by time:
     D:3: 1436 daAuts
     D:2: 1325 daAuts
     D:4: 936 daAuts
     D:1: 861 daAuts
     D:5: 438 daAuts
